 Dungeon Crawl Stone Soup version 0.29-a0-284-gf9362112df (webtiles) character file.

Game seed: 17158778884915832776

110 horus123 the Ogre Mage (level 4, -1/39 HPs)
             Began as an Ogre Ice Elementalist on Mar 16, 2022.
             Slain by Terence
             ... wielding a +1 falchion of holy wrath
              (9 damage)
             ... on level 2 of the Dungeon.
             The game lasted 00:03:06 (2486 turns).

horus123 the Ogre Mage (Ogre Ice Elementalist)      Turns: 2486, Time: 00:03:07

Health: -1/39      AC:  9    Str: 12    XL:     4   Next: 91%
Magic:  4/11       EV:  9    Int: 18    God:
Gold:   104        SH:  0    Dex:  9    Spells: 7/14 levels left

rFire   . . .      SeeInvis +   (no weapon)
rCold   . . .      Faith    .   (no shield)
rNeg    . . .      Spirit   .   a - +0 robe
rPois   .          Reflect  .   (helmet restricted)
rElec   .          Harm     .   (no cloak)
rCorr   .          Rampage  .   (gloves unavailable)
Will    .....                   (boots unavailable)
Stlth   +.........              (no amulet)
HPRegen 0.13/turn               k - ring of see invisible
MPRegen 0.12/turn               (no ring)

@: ice-armoured, freezing walls
A: large, unfitting armour, tough skin 1
a: no special abilities


You were on level 2 of the Dungeon.
You visited 1 branch of the dungeon, and saw 2 of its levels.

You collected 104 gold pieces.

Inventory:

Armour
 a - a +0 robe (worn)
Jewellery
 k - a ring of see invisible (left hand)
Scrolls
 c - a scroll of noise {unknown}
 d - a scroll of teleportation
 e - 3 scrolls of vulnerability
 i - a scroll of enchant armour
 j - a scroll of amnesia {unknown}
Potions
 g - 2 potions of degeneration
 h - a potion of ambrosia {unknown}


   Skills:
 - Level 1.7 Dodging
 - Level 1.4 Stealth
 + Level 5.5 Spellcasting
 - Level 3.6 Ice Magic


You had 7 spell levels left.
You knew the following spells:

 Your Spells              Type           Power      Damage    Failure   Level
a - Freeze                Ice            68%        1d8       3%          1
b - Frozen Ramparts       Ice            34%        1d5       9%          3
c - Ozocubu's Armour      Ice            17%        N/A       9%          3

Your spell library contained the following spells:

 Spells                   Type           Power      Damage    Failure   Level
 Hailstorm                Conj/Ice       11%        3d5       52%         4


Dungeon Overview and Level Annotations

Branches:
Dungeon (2/15)

Altars:

Shops:
D:1 *

Annotations:
D:2 Terence


Innate Abilities, Weirdness & Mutations

You are too large for most types of armour.
You have tough skin. (AC +1)


Message History

Terence hits you with a +1 falchion of holy wrath.
* * * LOW HITPOINT WARNING * * *
Terence attacks as you move away!
Terence hits you with a +1 falchion of holy wrath.
* * * LOW HITPOINT WARNING * * *
Terence attacks as you move away! Terence barely misses you.
Magic courses through your body. Terence barely misses you.
Casting: Freeze (safe; 3% risk of failure)
Confirm with . or Enter, or press ? or * to list all spells.
Casting: Frozen Ramparts (dangerous; 9% risk of failure)
Press: ? - help, Dir - look around, f - activate The walls around you are covered in ice.
Terence resists.
The wall freezes Terence.
Terence misses you.
Casting: Frozen Ramparts (dangerous; 9% risk of failure)
Confirm with . or Enter, or press ? or * to list all spells.
A film of ice covers your body!
Terence completely resists.
The wall freezes Terence but does no damage.
Terence hits you but does no damage.
Aiming: Freeze (safe; 3% risk of failure)
Press: ? - help, Q - select action, (/) - cycle Shift-Dir - straight line, f - Terence
Aim: Terence, wielding a +1 falchion of holy wrath and wearing a +1 ring mail of cold resistance (heavily wounded)
You freeze Terence.
Terence resists.
Terence is heavily wounded.
Terence completely resists.
The wall freezes Terence but does no damage.
Terence hits you with a +1 falchion of holy wrath.
* * * LOW HITPOINT WARNING * * *
Aiming: Freeze (safe; 3% risk of failure)
Press: ? - help, Q - select action, (/) - cycle Shift-Dir - straight line, f/p - Terence
Aim: Terence, wielding a +1 falchion of holy wrath and wearing a +1 ring mail of cold resistance (heavily wounded)
You freeze Terence.
Terence resists.
Terence is severely wounded.
Terence resists.
The wall freezes Terence.
Terence drinks a potion.
Terence is healed!
You feel better.
Terence resists.
The wall freezes Terence.
Terence hits you but does no damage.
Terence completely resists.
The wall freezes Terence but does no damage.
Terence hits you with a +1 falchion of holy wrath!
You die...

#.# ###
#.#############
..###.............#
.#.##############.#
###.#############.#
# ##............#.#
###.###########.#.#
.#.## #.#@# #.##
#.@.# #.# #.### #.#
#.# #.# ######.#
#.# #......# ..#
#.####)# ### #.#
#.# ##.####.##
##.#.##.#.#


You could see Terence.

Vanquished Creatures
  Jessica (D:2)
  A gnoll (D:1)
  4 adders (D:2)
  3 bats (D:1)
  2 endoplasms (D:1)
  A giant cockroach (D:1)
  3 hobgoblins (D:1)
  4 jackals (D:2)
  2 kobolds
  3 quokkas
  3 ball pythons (D:2)
  3 frilled lizards
  4 goblins
  4 rats
38 creatures vanquished.

Notes
Turn   | Place    | Note
-------+----------+-------------------------------------------
     0 | D:1      | horus123 the Ogre Ice Elementalist began the quest for the
                  | Orb.
     0 | D:1      | Reached XP level 1. HP: 16/16 MP: 3/3
   153 | D:1      | Reached skill level 3 in Spellcasting
   365 | D:1      | Reached XP level 2. HP: 24/24 MP: 4/6
   523 | D:1      | Found Nury's Assorted Antiques.
   657 | D:1      | Reached skill level 4 in Spellcasting
   657 | D:1      | Reached XP level 3. HP: 17/31 MP: 3/8
   794 | D:1      | Learned a level 3 spell: Frozen Ramparts
   798 | D:1      | Learned a level 3 spell: Ozocubu's Armour
  1610 | D:2      | Noticed Jessica
  1617 | D:2      | Reached XP level 4. HP: 39/39 MP: 6/10
  1757 | D:2      | Killed Jessica
  1758 | D:2      | Reached skill level 5 in Spellcasting
  2444 | D:2      | Noticed Terence
  2486 | D:2      | Slain by Terence

Illustrated notes

Levels and vault maps discovered:
D:1:      wander_arrival_desolate, layout_basic, serial_shops,
          nicolae_shop_behind_doors
D:2:      layout_loops_ring, serial_forest, infiniplex_forest_clump_tiny,
          infiniplex_forest_lined_room_3, infiniplex_forest_end_2,
          infiniplex_forest_clump_diagonal, infiniplex_forest_clump_diagonal,
          uniq_terence, uniq_jessica

Skill      XL: |  1  2  3  4 |
---------------+-------------+-----
Spellcasting   | 3 4 5 |  5.5
Dodging        | |  1.7
Stealth        | |  1.4
Ice Magic      | |  3.6

Action                   |  1- 3 |  4- 6 || total
-------------------------+-------+-------++-------
Melee: Unarmed           |     5 |     2 ||     7
 Cast: Freeze            |    46 |    27 ||    73
       Ozocubu's Armour  |       |     2 ||     2
       Frozen Ramparts   |       |     2 ||     2
  Use: Scroll            |       |     4 ||     4
       Potion            |       |     2 ||     2
Armor: Robe              |     8 |     3 ||    11
Dodge: Dodged            |    13 |    14 ||    27

Table legend: (Time is in decaauts)
 A = Elapsed time spent in this place.
 B = Non-inter-level travel time spent in this place.
 C = Inter-level travel time spent in this place.
 D = Time resting spent in this place.
 E = Time spent auto-exploring this place.
 F = Levels seen in this place.
 G = Mean time per level.
                   A        B        C        D        E       F      G
               +--------+--------+--------+--------+--------+-----+--------+
         Total |   2485 |   2470 |     15 |    508 |   1695 |   2 | 1242.5 |
       Dungeon |   2485 |   2470 |     15 |    508 |   1695 |   2 | 1242.5 |
               +--------+--------+--------+--------+--------+-----+--------+

Top non-repeatable levels by time:
     D:1: 1345 daAuts
     D:2: 1140 daAuts
